 Dungeon Crawl Stone Soup version 0.23.1 (webtiles) character file.

Game seed: 0

17370 1994 the Zephyrmancer (level 12, -1/68 HPs)
             Began as a Tengu Air Elementalist on Mar 10, 2019.
             Was a Priest of Vehumet.
             Slain by an eight-headed hydra (14 damage)
             ... on level 3 of the Lair of Beasts.
             The game lasted 01:30:20 (17807 turns).

1994 the Zephyrmancer (Tengu Air Elementalist)     Turns: 17807, Time: 01:30:20

Health: -1/68      AC:  5    Str: 10    XL:     12   Next: 47%
Magic:  16/34      EV: 22    Int: 20    God:    Vehumet [***...]
Gold:   757        SH:  0    Dex: 17    Spells: 11/28 levels left

rFire    . . .     SeeInvis .   Y - +2 scimitar
rCold    . . .     Gourm    +   (no shield)
rNeg     . . .     Faith    .   G - +2 leather armour {rPois}
rPois    +         Spirit   .   (helmet restricted)
rElec    .         Reflect  .   H - scarf {repulsion}
rCorr    .         Harm     .   (no gloves)
MR       .....                  (boots unavailable)
Stlth    ++........             O - amulet of the gourmand
HPRegen  0.21/turn              V - ring of magical power
MPRegen  0.24/turn              B - +3 ring of dexterity

@: flying quickly and evasively, repel missiles, quick
A: beak, talons 3, able to fly
a: Stop Flying, Renounce Religion


You were on level 3 of the Lair of Beasts.
You worshipped Vehumet.
Vehumet was most pleased with you.
You were very full.

You visited 3 branches of the dungeon, and saw 16 of its levels.

You collected 757 gold pieces.

Inventory:

Hand Weapons
 l - a cursed -1 falchion
 C - a +1 whip of freezing
 U - the cursed +2 quarterstaff of Ozuys {drain, +Fly MR+}
   (You took it off a gnoll sergeant on level 11 of the Dungeon)

   A truly terrible weapon, it drains the life of those it strikes.
   It affects your resistance to hostile enchantments.
   It lets you fly.
   It has a curse placed upon it.
 Y - a +2 scimitar (weapon)
Armour
 a - a +2 robe of the Archmagi
 d - the +3 robe of Folly {Archmagi, MR-- Int+5}
   (You found it on level 6 of the Dungeon)

   It affects your intelligence (+5).
   It affects your resistance to hostile enchantments.
 G - a +2 leather armour of poison resistance (worn)
 H - a scarf of repulsion (worn)
 L - a +0 ring mail of cold resistance
 M - a +0 shield of reflection
 Q - the +2 leather armour "Tuom" {Str+7 Slay+3}
   (You found it on level 10 of the Dungeon)

   It affects your strength (+7).
   It affects your accuracy and damage with ranged weapons and melee attacks
   (+3).
 W - a +0 troll leather armour
Jewellery
 k - an uncursed ring of protection from fire
 r - an uncursed ring of ice
 t - an uncursed ring of positive energy
 B - a +3 ring of dexterity (right hand)
 O - an amulet of the gourmand (around neck)
 R - an uncursed amulet of magic regeneration
 V - a ring of magical power (left hand)
Wands
 i - a wand of polymorph (11)
 o - a wand of enslavement (19)
 y - a wand of paralysis (12)
 F - a wand of flame (67)
 J - a wand of scattershot (7)
 N - a wand of disintegration (23)
 P - a wand of digging (5)
 T - a wand of random effects (17)
 X - a wand of iceblast (9)
Scrolls
 e - 8 scrolls of teleportation
 f - 4 scrolls of fog
 g - 9 scrolls of remove curse
 j - 2 scrolls of blinking {unknown}
 m - 2 scrolls of magic mapping
 n - a scroll of enchant weapon
 p - 2 scrolls of amnesia
 u - a scroll of immolation {unknown}
 w - a scroll of noise {unknown}
 E - 2 scrolls of enchant armour
 K - a scroll of silence {unknown}
 S - a scroll of fear {unknown}
 Z - a scroll of identify
Potions
 b - 3 potions of agility
 h - 4 potions of lignification
 q - a potion of ambrosia
 s - a potion of curing {unknown}
 v - 5 potions of haste
 x - a potion of cancellation
 z - 2 potions of mutation {unknown}
 A - 4 potions of brilliance
 D - 2 potions of degeneration {unknown}
 I - a potion of resistance
Comestibles
 c - 31 rations


   Skills:
 - Level 5.6 Fighting
 - Level 5.6 Long Blades
 + Level 10.4 Dodging
 - Level 2.0 Stealth
 + Level 8.9 Spellcasting
 + Level 11.9 Conjurations
 + Level 12.5 Air Magic


You had 11 spell levels left.
You knew the following spells:

 Your Spells              Type           Power        Failure   Level  Hunger
a - Shock                 Conj/Air       ####         1%          1    None
b - Swiftness             Chrm/Air       ####....     1%          2    None
c - Static Discharge      Conj/Air       ######..     1%          3    None
d - Airstrike             Air            ######....   1%          4    ###....
e - Lightning Bolt        Conj/Air       ######....   1%          5    #####..
f - Blink                 Tloc           N/A          16%         2    None

Your spell library contained the following spells:

 Spells                   Type           Power        Failure   Level  Hunger
 Dazzling Spray           Conj/Hex       ####..       1%          3    None
 Magic Dart               Conj           ####         1%          1    None
 Conjure Flame            Conj/Fire      ####....     1%          3    None
 Mephitic Cloud           Conj/Pois/Air  #####...     1%          3    None
 Call Imp                 Summ           #.......     16%         2    None
 Slow                     Hex            #.......     16%         2    None


Dungeon Overview and Level Annotations

Branches:
Dungeon (11/15)            Temple (1/1) D:7            Lair (4/6) D:11
    Orc (0/2) D:11
  Swamp: Lair:2-4    Shoals: Lair:2-4     Snake: Lair:2-4    Spider: Lair:2-4

Altars:
Ashenzari
Cheibriados
Dithmenos
Elyvilon
Fedhas
Gozag
Hepliaklqana
Kikubaaqudgha
Makhleb
Nemelex Xobeh
Okawaru
Qazlal
Ru
Sif Muna
Trog
Uskayaw
Vehumet
Wu Jian
Xom
Yredelemnul
Zin
The Shining One

Shops:
D:4 [%   D:6 :   D:9 *   D:10 %


Innate Abilities, Weirdness & Mutations

You have a beak for a mouth.
You have claws for feet.
You can fly continuously.


Message History

The eight-headed hydra bites you!
Casting: Lightning Bolt (safe; 1% risk of failure)
Confirm with . or Enter, or press ? or * to list all spells.
Aiming: Lightning Bolt (safe; 1% risk of failure)
Press: ? - help, Shift-Dir - straight line That beam is likely to hit you.
Continue anyway?
You hear a mighty clap of thunder!
The bolt of lightning hits the eight-headed hydra!
The eight-headed hydra is almost dead.
The bolt of lightning hits the eight-headed hydra!
The eight-headed hydra is almost dead.
The bolt of lightning is repelled.
The eight-headed hydra bites you! The eight-headed hydra bites you. x3
The eight-headed hydra completely misses you.
The eight-headed hydra bites you.
* * * LOW HITPOINT WARNING * * *
The eight-headed hydra bites you.
* * * LOW HITPOINT WARNING * * *
The eight-headed hydra bites you!
You die...

###.......[.......#
#.....#..........####..
#..........#......#.#...(...
##..............^..........
####.....###............. .
###.....#.P........... ..
###....................
##.............. ...#
##P....@.....# .....
##....DP#.#.#...#..
#..P.............#
#..####....%.###?. #.##
#...##.....# #..# #####
#...... ....# ...#.. #P.P.#
###... #...## ...


You could see an eight-headed hydra.

Vanquished Creatures
  Fannar (Lair:2)
  3 two-headed ogres
  A death knight (D:11)
  Urug (D:11)
  Pikel (D:5)
  A cyclops (D:11)
  A black mamba (Lair:4)
  4 spiny frogs
  A kobold demonologist (D:11)
  2 trolls (D:11)
  2 hornets
  3 hippogriffs
  Sigmund (D:5)
  A wraith (D:9)
  12 yaks
  Eustachio (D:6)
  2 water moccasins
  A floating eye (D:10)
  5 porcupines
  5 orc warriors
  4 slaves
  An ice beast (D:11)
  5 phantoms
  6 sky beasts
  3 black bears
  9 ogres
  A centaur (D:7)
  A crocodile (Lair:1)
  A big kobold (D:8)
  10 bullfrogs
  5 gnoll sergeants (D:11)
  A wyvern zombie (D:10)
  A wyvern skeleton (D:7)
  A scorpion (D:11)
  13 killer bees
  A howler monkey (D:6)
  An electric eel (Lair:1)
  7 crimson imps
  A bullfrog zombie (D:11)
  A quasit (D:11)
  9 hounds
  6 jellies
  4 orc priests
  2 bullfrog skeletons
  2 centaur skeletons (D:9)
  3 iguanas
  8 orc wizards
  11 worker ants
  A hound zombie (D:7)
  Robin (D:3)
  12 gnolls
  9 adders
  2 shadow imps
  An adder skeleton (D:7)
  An adder zombie (D:9)
  5 worms
  4 dart slugs
  6 leopard geckos
  36 orcs
  5 ball pythons
  A bat zombie (D:3)
  8 giant cockroaches
  21 goblins
  13 hobgoblins
  9 jackals
  8 quokkas
  9 bats
  6 frilled lizards
  9 kobolds
  A quokka zombie (D:6)
  6 rats
  A fungus (Lair:2)
342 creatures vanquished.

Vanquished Creatures (others)
  18 fungi (D:11)
  28 plants
46 creatures vanquished.

Grand Total: 388 creatures vanquished

Notes
Turn   | Place    | Note
-------+----------+-------------------------------------------
     0 | D:1      | 1994 the Tengu Air Elementalist began the quest for the
                  | Orb.
     0 | D:1      | Reached XP level 1. HP: 10/10 MP: 4/4
   159 | D:1      | Reached XP level 2. HP: 12/16 MP: 3/6
   228 | D:1      | Learned a level 2 spell: Swiftness
   606 | D:1      | Reached XP level 3. HP: 15/20 MP: 3/7
   691 | D:1      | Reached skill level 1 in Fighting
   963 | D:1      | Learned a level 3 spell: Static Discharge
  1349 | D:2      | Found a faded altar of an unknown god.
  1537 | D:2      | Reached XP level 4. HP: 25/25 MP: 5/8
  3024 | D:3      | Reached skill level 5 in Air Magic
  3024 | D:3      | Gained mutation: You can fly continuously. [Tengu growth]
  3024 | D:3      | Reached XP level 5. HP: 7/30 MP: 2/10
  3850 | D:3      | Identified the +2 helmet of the Morning Star {rC- Str+5}
  3850 | D:3      | Noticed Robin
  3864 | D:3      | Killed Robin
  4302 | D:3      | Found an ancient bone altar of Kikubaaqudgha.
  4348 | D:4      | Reached XP level 6. HP: 35/35 MP: 8/11
  4462 | D:4      | Found Wagyci's Food Boutique.
  4471 | D:4      | Learned a level 4 spell: Airstrike
  5188 | D:4      | Reached XP level 7. HP: 23/40 MP: 7/13
  5402 | D:4      | Found a bloodstained altar of Trog.
  5405 | D:4      | Found a basalt altar of Yredelemnul.
  5405 | D:4      | Found a glowing golden altar of the Shining One.
  5407 | D:4      | Found a hide-covered altar of Uskayaw.
  5408 | D:4      | Found a glowing silver altar of Zin.
  5410 | D:4      | Found a sparkling altar of Nemelex Xobeh.
  5601 | D:4      | Found Foineuw's Antique Armour Shop.
  5709 | D:4      | Reached skill level 6 in Air Magic
  6223 | D:5      | Entered Level 5 of the Dungeon
  6530 | D:5      | Reached skill level 5 in Conjurations
  6796 | D:5      | Reached XP level 8. HP: 47/47 MP: 12/15
  6809 | D:5      | Noticed Pikel
  6955 | D:5      | Found a sacrificial altar of Ru.
  7359 | D:5      | Noticed Sigmund
  7369 | D:5      | Killed Sigmund
  7369 | D:5      | Reached skill level 5 in Dodging
  7369 | D:5      | Reached skill level 7 in Air Magic
  7628 | D:5      | Killed Pikel
  7628 | D:5      | Reached XP level 9. HP: 46/52 MP: 1/17
  7760 | D:5      | Learned a level 5 spell: Lightning Bolt
  8034 | D:6      | Found Vuoskill's Book Boutique.
  8225 | D:6      | Reached skill level 5 in Spellcasting
  8268 | D:6      | Found a shattered altar of Ashenzari.
  8280 | D:6      | Reached skill level 1 in Long Blades
  8541 | D:6      | Reached skill level 5 in Fighting
  8541 | D:6      | Reached skill level 8 in Air Magic
  8647 | D:6      | Noticed Eustachio
  8660 | D:6      | Killed Eustachio
  8852 | D:6      | Found the +3 robe of Folly {Archmagi, MR-- Int+5}
  9283 | D:7      | Found a staircase to the Ecumenical Temple.
  9308 | Temple   | Entered the Ecumenical Temple
  9393 | Temple   | Became a worshipper of Vehumet
 10042 | D:8      | Reached skill level 9 in Air Magic
 10042 | D:8      | Reached XP level 10. HP: 34/59 MP: 3/19
 10047 | D:8      | Reached * piety under Vehumet
 10047 | D:8      | Offered knowledge of Freeze by Vehumet.
 10619 | D:8      | Learned a level 2 spell: Blink
 10907 | D:9      | Found Vadurhir's General Store.
 11265 | D:9      | You are sucked into a shaft!
 11265 | D:10     | Entered Level 10 of the Dungeon
 11343 | D:10     | Noticed a two-headed ogre
 11790 | D:10     | Found Tapa's Food Shop.
 11845 | D:9      | Found a burning altar of Makhleb.
 11972 | D:9      | Reached skill level 5 in Long Blades
 12578 | D:10     | Reached skill level 10 in Air Magic
 12623 | D:9      | Killed a two-headed ogre
 12798 | D:10     | Reached XP level 11. HP: 43/63 MP: 13/22
 12982 | D:9      | Offered knowledge of Sandblast by Vehumet.
 13012 | D:9      | Reached ** piety under Vehumet
 13492 | D:10     | Got an ancient leather armour
 13550 | D:10     | Noticed a two-headed ogre
 13612 | D:10     | Killed a two-headed ogre
 13612 | D:10     | Reached skill level 10 in Conjurations
 13821 | D:10     | Identified the +2 leather armour "Tuom" {Str+7 Slay+3} (You
                  | found it on level 10 of the Dungeon)
 14024 | D:11     | Reached skill level 11 in Air Magic
 14068 | D:11     | Noticed a cyclops
 14070 | D:11     | Killed a cyclops
 14209 | D:11     | Noticed a two-headed ogre
 14271 | D:11     | Killed a two-headed ogre
 14385 | D:11     | Noticed a death knight
 14420 | D:11     | Offered knowledge of Throw Flame by Vehumet.
 14724 | D:11     | Killed a death knight
 15036 | D:11     | Identified the cursed +2 quarterstaff of Ozuys {drain, +Fly
                  | MR+}
 15270 | D:11     | Reached *** piety under Vehumet
 15737 | D:11     | Found a staircase to the Lair.
 15766 | D:11     | Noticed Urug
 15798 | D:11     | Reached XP level 12. HP: 60/68 MP: 17/25
 15835 | D:11     | Killed Urug
 15835 | D:11     | Reached skill level 12 in Air Magic
 15944 | D:11     | Found a staircase to the Orcish Mines.
 15946 | D:11     | Offered knowledge of Dazzling Spray by Vehumet.
 16111 | D:11     | Reached skill level 10 in Dodging
 16276 | Lair:1   | Entered Level 1 of the Lair of Beasts
 16276 | Lair:1   | Found a sparkling altar of Nemelex Xobeh.
 17157 | Lair:2   | Noticed Fannar
 17166 | Lair:2   | Killed Fannar
 17408 | Lair:2   | Reached **** piety under Vehumet
 17592 | Lair:2   | You are sucked into a shaft for 2 floors!
 17794 | Lair:3   | Noticed an eight-headed hydra
 17807 | Lair:3   | Slain by an eight-headed hydra

Skill      XL: |  1  2  3  4  5  6  7  8  9 10 11 12 |
---------------+-------------------------------------+-----
Conjurations   | 2 3 4 5 6 8 9 11 | 11.9
Fighting       | 1 2 3 4 5 |  5.6
Dodging        | 3 4 5 7 8 9 10 | 10.4
Air Magic      | 5 6 7 9 10 11 12 | 12.5
Spellcasting   | 3 4 5 7 8 |  8.9
Long Blades    | 3 5 |  5.6
Stealth        | |  2.0

Action                   |  1- 3 |  4- 6 |  7- 9 | 10-12 || total
-------------------------+-------+-------+-------+-------++-------
Melee: Dagger            |    10 |    22 |       |       ||    32
       Kick              |     2 |     7 |    33 |    90 ||   132
       Peck              |       |     4 |    24 |    53 ||    81
       Short sword       |       |     8 |    37 |       ||    45
       Long sword        |       |       |    56 |   138 ||   194
       Scimitar          |       |       |       |    16 ||    16
 Cast: Shock             |    56 |   112 |   119 |   166 ||   453
       Static Discharge  |       |     7 |    33 |    44 ||    84
       Airstrike         |       |       |     4 |    29 ||    33
       Lightning Bolt    |       |       |       |    25 ||    25
       Swiftness         |       |       |       |     1 ||     1
 Abil: Fly               |       |     1 |       |       ||     1
  Use: Scroll            |       |       |    13 |     5 ||    18
 Stab: Sleeping          |     3 |     2 |     3 |     8 ||    16
       Distracted        |       |       |     1 |       ||     1
  Eat: Chunk             |     3 |    12 |    17 |    45 ||    77
Armor: Robe              |     4 |     6 |    21 |    18 ||    49
       Leather armour    |       |     8 |       |    10 ||    18
       Ring mail         |       |     2 |       |       ||     2
Dodge: Dodged            |    21 |    70 |   172 |   245 ||   508
       Deflected         |       |       |       |     3 ||     3
       Rpst.: Long sword |       |       |    30 |    68 ||    98
       Scimitar          |       |       |       |    10 ||    10
